 Dungeon Sprint DCSS version 0.21-a0-270-g8204059 (webtiles) character file.

4272 potatolord6000 the Black Sun (level 10, -9/85 HPs)
             Began as a Vampire Necromancer on Sept 13, 2017.
             Was a High Priest of Kikubaaqudgha.
             Mangled by a trident of flaming (17 damage)
             ... in the Dungeon (Sprint V: "Ziggurat Sprint").
             The game lasted 00:09:12 (504 turns).

potatolord6000 the Black Sun (Vampire Necromancer)   Turns: 504, Time: 00:09:12

Health: -9/85      AC:  6    Str:  7    XL:     10   Next: 10%
Magic:  5/39       EV: 19    Int: 30    God:    Kikubaaqudgha [*****.]
Gold:   0          SH:  0    Dex: 15    Spells: 2/29 levels left

rFire    . . .     SeeInvis +   v - +6 Majin-Bo {vamp, Archmagi MP+6 Int+6}
rCold    . . .     Gourm    .   (shield currently unavailable)
rNeg     + . .     Faith    .   w - +3 leather armour {rPois}
rPois    +         Spirit   .   (no helmet)
rElec    .         Reflect  .   (no cloak)
rCorr    .         Harm     .   (no gloves)
MR       ++...     NoTele   +   (no boots)
Stlth    ++........             B - amulet of magic regeneration
HPRegen  0.24/turn              C - ring of wizardry
MPRegen  0.51/turn              z - ring of Digiec {+Fly rPois MR+ MP+9 Int+3}

@: very slightly contaminated, studying Axes, invisible
A: fangs 3, see invisible, unbreathing
a: Bat Form, Receive Corpses, Torment, Renounce Religion, Evoke Flight


You were in the Dungeon.
You worshipped Kikubaaqudgha.
Kikubaaqudgha was extremely pleased with you.
You were not thirsty.

You visited 1 branch

Inventory:

Hand Weapons
 v - the +6 Majin-Bo (weapon) {vamp, Archmagi MP+6 Int+6}
   (You found it in the Dungeon)

   It inflicts no extra harm, but heals its wielder when it wounds a living foe.
   It affects your intelligence (+6).
   It affects your magic capacity (+6).
Armour
 a - a +0 robe
 w - a +3 leather armour of poison resistance (worn)
Jewellery
 z - the ring of Digiec (right hand) {+Fly rPois MR+ MP+9 Int+3}
   (You found it in the Dungeon)

   [ring of flight]

   It affects your intelligence (+3).
   It protects you from poison.
   It affects your resistance to hostile enchantments.
   It affects your magic capacity (+9).
   It lets you fly.
 B - an amulet of magic regeneration (around neck)
 C - a ring of wizardry (left hand)
Scrolls
 e - a scroll of brand weapon
 p - 4 scrolls of amnesia
 q - 3 scrolls of recharging
 r - 6 scrolls of fog
 s - 5 scrolls of identify
 t - 5 scrolls of remove curse
 u - 2 scrolls of fear
Potions
 f - 3 potions of haste
 g - 6 potions of magic
 h - 3 potions of berserk rage
 j - 2 potions of brilliance
 l - 4 potions of resistance
 n - 2 potions of agility
 o - 2 potions of might
Books
 b - a book of Necromancy

   Spells                             Type                      Level
   a - Pain                           Necromancy                   1
   b - Animate Skeleton               Necromancy                   1
   c - Vampiric Draining              Necromancy                   3
   d - Regeneration                   Charms/Necromancy            3
   e - Animate Dead                   Necromancy                   4
   f - Control Undead                 Necromancy                   4
 m - Kikubaaqudgha's Papyrus of Stolen Souls
   (Kikubaaqudgha gifted it to you in the Dungeon)

   Spells                             Type                      Level
   a - Animate Skeleton               Necromancy                   1
   b - Corpse Rot                     Necromancy                   2
   c - Sublimation of Blood           Necromancy                   2
   d - Regeneration                   Charms/Necromancy            3
   e - Control Undead                 Necromancy                   4
 y - Kikubaaqudgha's Catalogue of Darkness
   (Kikubaaqudgha gifted it to you in the Dungeon)

   Spells                             Type                      Level
   a - Bolt of Draining               Conjuration/Necromancy       5
   b - Agony                          Necromancy                   5
   c - Cigotuvi's Embrace             Necromancy                   5
   d - Dispel Undead                  Necromancy                   5
   e - Death Channel                  Necromancy                   6
 A - a manual of Axes


   Skills:
 + Level 9.9 Fighting
 + Level 9.1 Staves
 + Level 11.9 Dodging
 - Level 3.0 Stealth
 + Level 10.1 Spellcasting
 + Level 12.4 Necromancy


You had 2 spell levels left.
You knew the following spells:

 Your Spells              Type           Power        Failure   Level  Hunger
a - Pain                  Necr           ####         1%          1    None
b - Vampiric Draining     Necr           #######...   1%          3    None
c - Control Undead        Necr           #######...   1%          4    None
d - Dispel Undead         Necr           #######.     1%          5    ###....
e - Bolt of Draining      Conj/Necr      ######....   4%          5    ###....
f - Agony                 Necr           #######.     1%          5    ###....
g - Animate Dead          Necr           N/A          1%          4    None


Dungeon Overview and Level Annotations

Branches:
Dungeon (1/1)

Altars:
Ashenzari
Cheibriados
Dithmenos
Elyvilon
Fedhas
Gozag
Hepliaklqana
Kikubaaqudgha
Makhleb
Nemelex Xobeh
Okawaru
Qazlal
Ru
Sif Muna
Trog
Uskayaw
Vehumet
Wu Jian
Xom
Yredelemnul
Zin
The Shining One
Beogh
Jiyva
Lugonu

Annotations:
D 1 transporter


Innate Abilities, Weirdness & Mutations

You have razor-sharp teeth.
You have supernaturally acute eyesight. (SInv)
You can survive without breathing.


Message History

Confirm with . or Enter, or press ? or * to list all spells.
You don't have enough magic to cast that spell.
Unknown command.
Unknown command.
Okay, then.
Yummy - fresh blood!
The deep elf archer casts a spell at you.
You resist with almost no effort.
As you read the scroll of fog, it crumbles to dust.
The scroll dissolves into smoke.
You thump the deep elf archer!
The deep elf archer is severely wounded.
The deep elf archer unwields an uncursed shortbow.
The deep elf archer wields an uncursed short sword.
The deep elf archer hits you but does no damage.
You sock the deep elf archer!
The deep elf archer is almost dead.
The deep elf archer closely misses you. The trident of flaming hits you!
You die...
Kikubaaqudgha rasps: "You have failed me!
Welcome... oblivion!"

▓.......▓
▓.▓.).▓.▓
▓...©...▓
▓▓▓▓▓▓▓▓▓
▓..8©8..▓
▓..)":..▓
▓§.§::..▓
▓§§§...(▓
▓@e§..(.▓
▓§(§....▓
▓§.§....▓
▓.▓...▓.▓
▓...©...▓
▓▓▓▓▓▓▓▓▓


You could see a deep elf archer and a trident of flaming (wandering).

Vanquished Creatures
  A dancing weapon (D)
  2 deep elf knights (D)
  A deep elf archer (D)
  2 deep elf magi (D)
  3 toenail golems (D)
  A slime creature (D)
  An air elemental (D)
  A necrophage (D)
  A phantom (D)
  A crimson imp (D)
  3 mummies (D)
  An ufetubus (D)
  An ooze (D)
  An adder skeleton (D)
  A leopard gecko skeleton (D)
  A quokka zombie (D)
22 creatures vanquished.

Vanquished Creatures (collateral kills)
  A toenail golem (D)
  A floating eye (D)
  A jelly (D)
  2 oozes (D)
5 creatures vanquished.

Grand Total: 27 creatures vanquished

Notes
Turn   | Place    | Note
-------+----------+-------------------------------------------
     0 | D        | Found the +6 Majin-Bo {vamp, Archmagi MP+6 Int+6}
     0 | D        | Found the +7 great mace "Firestarter" {inner flame, rF++}
     0 | D        | potatolord6000 the Vampire Necromancer began the quest for the Orb.
     0 | D        | Reached XP level 1. HP: 13/13 MP: 3/3
     0 | D        | Found a blossoming altar of Fedhas.
     1 | D        | Found a deep blue altar of Sif Muna.
     1 | D        | Found a sacrificial altar of Ru.
     1 | D        | Found a bloodstained altar of Trog.
     1 | D        | Found a stormy altar of Qazlal.
     1 | D        | Found an iron altar of Okawaru.
     1 | D        | Found a sparkling altar of Nemelex Xobeh.
     3 | D        | Found a transporter.
     3 | D        | Found an ancient bone altar of Kikubaaqudgha.
     3 | D        | Found a viscous altar of Jiyva.
     3 | D        | Found a corrupted altar of Lugonu.
     3 | D        | Found a hazy altar of Hepliaklqana.
     3 | D        | Found a burning altar of Makhleb.
     3 | D        | Found an opulent altar of Gozag.
    22 | D        | Found the +9 heavy crossbow "Sniper" {velocity, Acc+∞ SInv}
    22 | D        | Found the +10 dark maul {crush}
    22 | D        | Found the +15 Maxwell's patent armour {-Cast -Tele rElec MR+ rCorr}
    22 | D        | Found the +18 shield of the Gong {rElec rN+ MR+ EV-5}
    22 | D        | Found the cursed +14 obsidian axe {chop, +Fly SInv *Curse}
    29 | D        | Found the +6 shillelagh "Devastator" {shatter}
    29 | D        | Found the +11 plutonium sword {*Contam Stlth-}
    29 | D        | Found the +8 lance "Wyrmbane" {slay drac, rPois rF+ rC+ AC+3}
    29 | D        | Found the +9 sword of Zonguldrok {reap}
    29 | D        | Found the cursed +13 scythe of Curses {drain, *Curse}
    29 | D        | Found the +0 sword of Power
    29 | D        | Found the +4 mace of Variability {chaos}
    29 | D        | Found the +7 Singing Sword
    29 | D        | Found the +7 longbow "Piercer" {penet, EV-2}
    51 | D        | Became a worshipper of Kikubaaqudgha
    87 | D        | Reached skill level 5 in Necromancy
    87 | D        | Reached XP level 2. HP: 23/23 MP: 6/6
    92 | D        | Entered arena 2.
    92 | D        | Noticed a crimson imp
    92 | D        | Found a transporter.
    94 | D        | Killed a crimson imp
    94 | D        | Reached skill level 6 in Necromancy
    94 | D        | Reached XP level 3. HP: 29/29 MP: 8/8
   106 | D        | Entered arena 3.
   106 | D        | Noticed a necrophage
   106 | D        | Noticed a phantom
   106 | D        | Found a transporter.
   111 | D        | Learned a level 3 spell: Vampiric Draining
   115 | D        | Killed a necrophage
   115 | D        | Reached * piety under Kikubaaqudgha
   115 | D        | Identified Kikubaaqudgha's Papyrus of Stolen Souls (Kikubaaqudgha gifted it to you in the Dungeon)
   115 | D        | Received a gift from Kikubaaqudgha
   115 | D        | Reached skill level 5 in Dodging
   115 | D        | Reached skill level 7 in Necromancy
   115 | D        | Reached XP level 4. HP: 31/37 MP: 10/10
   122 | D        | Learned a level 4 spell: Control Undead
   156 | D        | Entered arena 4.
   156 | D        | Noticed a toenail golem
   156 | D        | Noticed a toenail golem
   156 | D        | Noticed a toenail golem
   156 | D        | Noticed a toenail golem
   156 | D        | Found a transporter.
   164 | D        | Killed a toenail golem
   164 | D        | Reached skill level 5 in Fighting
   164 | D        | Reached skill level 5 in Staves
   164 | D        | Reached skill level 8 in Necromancy
   164 | D        | Reached XP level 5. HP: 36/46 MP: 12/13
   164 | D        | Reached XP level 6. HP: 41/52 MP: 13/15
   168 | D        | Reached ** piety under Kikubaaqudgha
   172 | D        | Killed a toenail golem
   172 | D        | Reached skill level 9 in Necromancy
   172 | D        | Reached XP level 7. HP: 38/59 MP: 9/17
   180 | D        | Killed a toenail golem
   180 | D        | Reached XP level 8. HP: 44/67 MP: 10/19
   186 | D        | Killed a toenail golem
   186 | D        | Reached skill level 10 in Necromancy
   195 | D        | Got the ring of Digiec {+Fly rPois MR+ MP+9 Int+3}
   214 | D        | Reached *** piety under Kikubaaqudgha
   214 | D        | Identified Kikubaaqudgha's Catalogue of Darkness (Kikubaaqudgha gifted it to you in the Dungeon)
   214 | D        | Received a gift from Kikubaaqudgha
   224 | D        | Learned a level 5 spell: Dispel Undead
   235 | D        | Learned a level 5 spell: Bolt of Draining
   241 | D        | Learned a level 5 spell: Agony
   294 | D        | Entered arena 5.
   294 | D        | Noticed an air elemental
   294 | D        | Noticed a mace of crushing
   294 | D        | Noticed a deep elf archer
   294 | D        | Noticed a deep elf mage
   294 | D        | Found a transporter.
   296 | D        | Killed a deep elf mage
   296 | D        | Reached skill level 10 in Dodging
   300 | D        | Killed a deep elf archer
   300 | D        | Reached skill level 11 in Necromancy
   300 | D        | Reached XP level 9. HP: 39/75 MP: 16/22
   337 | D        | Killed a mace of crushing
   337 | D        | Reached **** piety under Kikubaaqudgha
   363 | D        | Learned a level 4 spell: Animate Dead
   384 | D        | Entered arena 6.
   384 | D        | Found a transporter.
   401 | D        | Entered arena 7.
   406 | D        | Paralysed by a floating eye for 3 turns
   412 | D        | Paralysed by a floating eye for 3 turns
   415 | D        | Reached ***** piety under Kikubaaqudgha
   432 | D        | Found a transporter.
   476 | D        | Entered arena 8.
   476 | D        | Noticed a deep elf mage
   476 | D        | Noticed a trident of flaming
   476 | D        | Noticed a deep elf knight
   476 | D        | Noticed a deep elf knight
   476 | D        | Noticed a deep elf archer
   476 | D        | Noticed a mace of protection
   490 | D        | Killed a deep elf mage
   490 | D        | Reached skill level 12 in Necromancy
   491 | D        | Killed a deep elf knight
   491 | D        | Reached XP level 10. HP: 37/84 MP: 18/23
   491 | D        | HP: 4/84 [trident of flaming (15)]
   492 | D        | Found a transporter.
   499 | D        | Killed a deep elf knight
   499 | D        | Reached skill level 10 in Spellcasting
   504 | D        | Mangled by a trident of flaming

Vault maps used:
D:        sprint_v

Skill      XL: |  1  2  3  4  5  6  7  8  9 10 |
---------------+-------------------------------+-----
Fighting       | 2 3 4 5 6 7 8 9 |  9.9
Staves         | 2 3 5 6 7 8 9 |  9.1
Dodging        | 4 5 7 8 9 10 11 | 11.9
Spellcasting   | 3 4 6 7 9 10 | 10.1
Necromancy     | 5 6 7 8 9 11 12 | 12.4
Stealth        | |  3.0

Action                   |  1- 3 |  4- 6 |  7- 9 | 10-12 || total
-------------------------+-------+-------+-------+-------++-------
Melee: Quarterstaff      |     6 |     9 |    45 |     2 ||    62
       Bite              |       |     2 |     3 |       ||     5
 Cast: Control Undead    |       |     3 |     2 |       ||     5
       Bolt of Draining  |       |       |     6 |     4 ||    10
       Animate Dead      |       |       |     2 |       ||     2
Invok: Receive Corpses   |       |       |     4 |       ||     4
  Use: Potion            |     4 |     5 |    21 |     4 ||    34
       Scroll            |       |     1 |     1 |     3 ||     5
 Stab: Invisible         |       |     3 |     4 |       ||     7
Armor: Robe              |       |     1 |       |       ||     1
       Leather armour    |       |       |     5 |     1 ||     6
Dodge: Dodged            |     7 |     6 |    72 |     4 ||    89

Table legend:
 A = Spawn XP
 B = Non-spawn XP
 C = Spawn XP percentage of total XP
 D = Spawn monster count
 E = Non-spawn monster count
 F = Spawn count percentage of total count
 G = Total turns spent on level
                    A         B        C        D         E        F      G
               +---------+---------+-------+---------+---------+-------+---------
         Total |       0 |    6092 |   0.0 |       0 |      23 |   0.0 |   504
               +---------+---------+-------+---------+---------+-------+---------
             D |       0 |    6092 |   0.0 |       0 |      23 |   0.0 |   504
               +---------+---------+-------+---------+---------+-------+---------
